 Dungeon Crawl Stone Soup version 0.21-a0-476-gd103f4b (webtiles) character file.

114 theanonym the Poker (level 4, -4/37 HPs)
             Began as a Hill Orc Gladiator on Nov 22, 2017.
             Killed by nerve-wracking pain
             ... invoked by an orc priest
              (13 damage)
             ... on level 3 of the Dungeon.
             The game lasted 00:03:12 (1659 turns).

theanonym the Poker (Hill Orc Gladiator)            Turns: 1659, Time: 00:03:12

Health: -4/37      AC:  5    Str: 17    XL:     4   Next: 98%
Magic:  4/4        EV: 11    Int:  8    God:
Gold:   43         SH:  6    Dex: 12    Spells: 3/3 levels left

rFire    . . .     SeeInvis .   a - +1 trident
rCold    . . .     Gourm    .   h - +0 buckler
rNeg     . . .     Faith    .   b - +0 leather armour
rPois    .         Spirit   .   c - +1 helmet
rElec    .         Reflect  +   l - scarf {cloud immunity}
rCorr    .         Harm     .   (no gloves)
MR       .....                  (no boots)
Stlth    +.........             p - +3 amulet of reflection
HPRegen  0.12/turn              (no ring)
MPRegen  0.09/turn              (no ring)

@: no status effects
A: no striking features
a: Convert to Beogh


   Skills:
 - Level 2.4 Fighting
 + Level 6.0 Polearms
 - Level 1.7 Throwing
 - Level 2.4 Dodging


You had 3 spell levels left.
You didn't know any spells.

Skill      XL: |  1  2  3  4 |
---------------+-------------+-----
Polearms       | 4 5 6 |  6.0
Fighting       | |  2.4
Throwing       | |  1.7
Dodging        | |  2.4

Action                   |  1- 3 |  4- 6 || total
-------------------------+-------+-------++-------
Melee: Trident           |    81 |    61 ||   142
  Use: Scroll            |     7 |     1 ||     8
       Potion            |     2 |       ||     2
  Eat: Chunk             |     1 |     1 ||     2
Armor: Leather armour    |    23 |    18 ||    41
Dodge: Dodged            |    43 |    36 ||    79
Block: Buckler           |     3 |    19 ||    22
       Other             |     2 |       ||     2
       Reflection        |       |     1 ||     1

Inventory:

Hand Weapons
 a - a +1 trident (weapon)
Missiles
 d - 3 throwing nets (quivered)
 m - 20 poisoned needles
Armour
 b - a +0 leather armour (worn)
 c - a +1 helmet (worn)
 h - a +0 buckler (worn)
   (You found it on level 2 of the Dungeon)
 l - a scarf of cloud immunity (worn)
   (You found it on level 1 of the Dungeon)
Jewellery
 e - an uncursed amulet of faith {unknown}
   (You found it on level 1 of the Dungeon)
 k - an uncursed ring of see invisible {unknown}
   (You took it off a hobgoblin on level 2 of the Dungeon)
 n - an uncursed ring of poison resistance {unknown}
   (You found it on level 3 of the Dungeon)
 p - a +3 amulet of reflection (around neck)
   (You found it on level 1 of the Dungeon)
Scrolls
 i - a scroll of remove curse
 j - a scroll of enchant weapon
 r - 2 scrolls of identify
Potions
 q - a potion of invisibility {unknown}
Comestibles
 f - a bread ration
 g - a fruit
 o - 3 chunks of flesh

Dungeon Overview and Level Annotations

Branches:
Dungeon (3/15)

Altars:

Annotations:
D:2 Robin


You were on level 3 of the Dungeon.
You were hungry.

You visited 1 branch of the dungeon, and saw 3 of its levels.

You collected 43 gold pieces.


Message History

You kill the goblin!
You barely miss the goblin. The goblin completely misses you.
You closely miss the goblin. You block the goblin's attack.
You puncture the goblin!
You kill the goblin!
Some of the chunks of flesh in your inventory have rotted away.
There is a stone staircase leading up here.
Items here: ))) †† a dagger; a club x2; a goblin corpse; a hobgoblin corpse You start resting.
All of the chunks of flesh in your inventory have rotted away.
Health restored: 37 Unknown command.
n - a brass ring An orc comes into view.
It is wielding a flail.
An orc is nearby!
Attack whom?
Aim: an orc, wielding a flail You reach to attack!
You barely miss the orc. You barely miss the orc.
The orc hits you with a flail.
You take 2 damage, and have 35/37 hp.
You closely miss the orc. The orc closely misses you.
You hit the orc. You barely miss the orc. The orc barely misses you.
You closely miss the orc. The orc hits you but does no damage.
You puncture the orc!
You kill the orc!
No target in view!
No target in view!
No target in view!
Things that are here:
a flail; an orc corpse You butcher the orc corpse.
o - 3 chunks of flesh
Things that are here:
a flail; an orc skeleton
Things that are here:
a flail; an orc skeleton
q - an amethyst potion
Things that are here:
a flail; an orc skeleton An orc priest comes into view.
It is wielding a dagger.
The orc priest shouts, "Join the one true god or die!" (press Y on the ability menu to convert to Beogh)
The orc priest shouts!
You hear a shout! x2
The orc priest picks up a potion of heal wounds.
Found a meat ration. 2 orcs come into view.
Attack whom?
Aim: an orc You reach to attack!
You barely miss the orc.
The orc priest looks braver for a moment.
Attack whom?
Aim: an orc, wielding a falchion You reach to attack!
You puncture the orc!
You kill the orc!
The orc priest mumbles some strange prayers to Beogh against you.
Beogh smites you!
You are too injured to fight recklessly!
You are too injured to fight recklessly!
You are too injured to fight recklessly!
You are too injured to fight recklessly!
You take 13 damage, and have 23/37 hp.
MASSIVE DAMAGE!!
You are too injured to fight recklessly!
You are too injured to fight recklessly!
The orc hits you but does no damage.
The orc priest looks encouraged for a moment.
The orc hits you.
You take 3 damage, and have 20/37 hp.
You hit the orc priest but do no damage.
The orc priest hits you with a dagger.
* * * LOW HITPOINT WARNING * * *
The orc closely misses you.
You take 3 damage, and have 17/37 hp.
You are feeling hungry.
You hit the orc priest. The orc priest hits you with a dagger.
* * * LOW HITPOINT WARNING * * *
You block the orc's attack.
You take 2 damage, and have 15/37 hp.
You barely miss the orc priest. The orc priest barely misses you.
The orc hits you but does no damage.
You hit the orc priest. The orc priest hits you with a dagger.
* * * LOW HITPOINT WARNING * * *
The orc closely misses you. The orc priest barely misses you.
The orc barely misses you.
You take 3 damage, and have 12/37 hp.
You closely miss the orc priest.
The orc priest threatens, "By the altar or by the axe, you will meet Beogh!"
The orc priest hits you with a dagger.
* * * LOW HITPOINT WARNING * * *
The orc hits you but does no damage.
You take 3 damage, and have 9/37 hp.
You barely miss the orc priest.
The orc priest hits you but does no damage.
The orc hits you.
* * * LOW HITPOINT WARNING * * *
You barely miss the orc priest.
The orc priest mumbles some strange prayers to Beogh against you.
Pain shoots through your body!
You die...

####.#.###.#...
#####.#... # #
#.....#######
###.#)#.....
#.#.#...
#.#.#.# #.#.).#
#.#o#o###
#...@...#
#####.#.# .#.#
.. . ... . ##.#
.. ..#


You could see an orc priest and an orc.

Notes
Turn   | Place    | Note
-------+----------+-------------------------------------------
     0 | D:1      | theanonym the Hill Orc Gladiator began the quest for the Orb.
     0 | D:1      | Reached XP level 1. HP: 18/18 MP: 1/1
   521 | D:1      | Reached XP level 2. HP: 19/25 MP: 2/2
   672 | D:1      | Reached skill level 4 in Polearms
   941 | D:2      | HP: 9/25 [bullfrog zombie (5)]
   948 | D:1      | HP: 9/25 [giant cockroach (1)]
   972 | D:1      | You fall through a shaft!
   973 | D:2      | HP: 9/25 [bullfrog skeleton (2)]
   976 | D:2      | HP: 3/25 [bullfrog skeleton (3)]
   984 | D:2      | Reached XP level 3. HP: 24/30 MP: 3/3
  1108 | D:2      | Reached skill level 5 in Polearms
  1296 | D:2      | Reached XP level 4. HP: 34/37 MP: 4/4
  1366 | D:2      | Noticed Robin
  1378 | D:2      | HP: 15/37 [Robin/falchion of electrocution (5)]
  1385 | D:2      | HP: 11/37 [goblin/dagger[Robin] (2)]
  1391 | D:3      | HP: 9/37 [hobgoblin/club[Robin] (2)]
  1394 | D:3      | Reached skill level 6 in Polearms
  1653 | D:3      | HP: 17/37 [orc priest/dagger (3)]
  1658 | D:3      | HP: 9/37 [orc (1)]
  1659 | D:3      | Killed from afar by an orc priest

Vanquished Creatures
  A bullfrog zombie (D:2)
  A bullfrog skeleton (D:2)
  An adder (D:2)
  2 worms (D:2)
  A leopard gecko (D:2)
  2 orcs (D:3)
  3 bats (D:1)
  2 giant cockroaches
  7 goblins
  7 hobgoblins
  4 kobolds
  2 ball pythons (D:1)
  2 frilled lizards
  3 rats (D:1)
38 creatures vanquished.
